 Dungeon Sprint DCSS version 0.16-a0-4092-gb8933cd (webtiles) character file.

1100000 BluebellGnoll the Fanfare of Bloodshed (level 13, -4/101 HPs)
             Began as a Demonspawn Warper on Feb 24, 2015.
             Was a Believer of Makhleb.
             Slain by a bag of meat
             ... wielding a +9 war axe
              (6 damage)
             ... in the Dungeon (Sprint VIII: "Arena of Blood").
             The game lasted 00:01:02 (11 turns).

BluebellGnoll the Fanfare of Bloodshed (DsWr)         Turns: 11, Time: 00:01:02

Health: -4/101     AC:  6    Str: 11    XL:     13   Next: 83%
Magic:  0/36       EV: 26    Int: 16    God:    Makhleb [**....]
Gold:   0          SH:  0    Dex: 17    Spells: 1 memorised, 28 levels left

rFire  . . .     SeeInvis .     k - +∞ Axe of Woe
rCold  . . .     Clarity  .     b - +0 leather armour
rNeg   . . .     SustAb   .     (no shield)
rPois  .         Gourm    .     (helmet restricted)
rElec  .         Spirit   +     (no cloak)
rCorr  .         Warding  .     (no gloves)
rMut   .         NoTele   +     (no boots)
MR     .....                    (no amulet)
Stlth  +.........               (no ring)
                                (no ring)

@: not resistant to hostile enchantments, very unstealthy
A: antennae 2, thin metallic scales 2, demonic guardian 1, magic shield, magic
regeneration, magic link
a: Minor Destruction, Renounce Religion


You were in the Dungeon.
You worshipped Makhleb.
Makhleb was pleased with you.
You were not hungry.

You visited 1 branch

Inventory:

Hand weapons
 k - the +∞ Axe of Woe (weapon)
   (You found it in the Dungeon)
Missiles
 e - 5 tomahawks of dispersal (quivered)
Armour
 b - a +0 leather armour (worn)
Scrolls
 d - 2 scrolls of blinking
Potions
 f - a potion of curing
 g - a potion of heal wounds
 h - a potion of haste
 i - 2 potions of magic
 j - a potion of berserk rage
Books
 c - a book of Spatial Translocations

   Spells                             Type                      Level
   a - Apportation                    Translocation                1
   b - Blink                          Translocation                2
   c - Shroud of Golubria             Charms/Translocation         2
   d - Portal Projectile              Translocation                3
   e - Teleport Other                 Translocation                3
   f - Passage of Golubria            Translocation                4
Comestibles
 a - a bread ration


   Skills:
 + Level 9.0 Fighting
 + Level 3.7 Axes
 + Level 3.5 Throwing
 + Level 3.3 Armour
 * Level 18.8 Dodging
 + Level 7.2 Unarmed Combat
 + Level 8.7 Spellcasting
 + Level 14.2 Translocations
 * Level 26.2 Invocations


You had 28 spell levels left.
You knew the following spells:

 Your Spells              Type           Power        Failure   Level  Hunger
a - Apportation           Tloc           ######....   1%          1    None


Dungeon Overview and Level Annotations

Branches:
Dungeon (1/1)

Altars:
Makhleb


Innate Abilities, Weirdness & Mutations

You have a pair of antennae on your head.
You are mostly covered in thin metallic scales (AC +3).
A weak demonic guardian rushes to your aid.
When hurt, damage is shared between your health and your magic reserves.
You regenerate magic rapidly.
When low on magic, you restore magic in place of health.


Message History

Your Translocations skill gained 3 levels and is now at level 12!
Your Invocations skill increases to level 25!
You have reached level 13!
Your demonic ancestry asserts itself...
The antennae on your head grow some more.
You slash the bag of meat!
You pulverise the bag of meat into a thin bloody mist.
You kill the bag of meat!
Makhleb accepts your kill.
You can now harness Makhleb's destructive might.
Your Fighting skill gained 2 levels and is now at level 9!
Your Throwing skill increases to level 3!
Your Armour skill increases to level 3!
Your Unarmed Combat skill increases to level 7!
Your Spellcasting skill increases to level 8!
Your Translocations skill gained 2 levels and is now at level 14!
Your Invocations skill increases to level 26!
You hear a shout! x22
The bag of meat hits you with a +9 war axe!
You die...

..o. ........
.......... ......o..
. #.......# #..
#.......#
....###.o.{ ..###.
........Oo###.......
#.....o)@_..o.....
#.......#5)...#.....
.......#_.<._# .
.......#.....#
.#........_.o...
........###......
..###... ..###. .
#... o.# #... ..#


You could see a meat berserker (berserk), 7 bags of meat and a friendly iron
imp.

Vanquished Creatures
  2 ogres (D)
  2 orcs (D)
4 creatures vanquished.

Notes
Turn   | Place    | Note
--------------------------------------------------------------
     0 | D        | BluebellGnoll, the Demonspawn Warper, began the quest for the Orb.
     0 | D        | Reached XP level 1. HP: 16/16 MP: 3/3
     4 | D        | Became a worshipper of Makhleb the Destroyer
     5 | D        | Noticed a bag of meat
     5 | D        | Noticed a bag of meat
     6 | D        | Noticed a bag of meat
     6 | D        | Noticed a bag of meat
     6 | D        | Noticed a meat berserker
     6 | D        | Noticed a bag of meat
     6 | D        | Noticed a bag of meat
     7 | D        | Noticed a meat berserker
     8 | D        | Noticed a bag of meat
    10 | D        | Killed a meat berserker
    10 | D        | Reached skill level 16 in Dodging
    10 | D        | Reached skill level 23 in Invocations
    10 | D        | Gained mutation: A weak demonic guardian rushes to your aid. [demonic ancestry]
    10 | D        | Reached XP level 2. HP: 22/22 MP: 4/16
    10 | D        | Gained mutation: When hurt, damage is shared between your health and your magic reserves. [demonic ancestry]
    10 | D        | Reached XP level 3. HP: 27/27 MP: 4/19
    10 | D        | Reached XP level 4. HP: 33/33 MP: 4/22
    10 | D        | Gained mutation: You have a pair of small antennae on your head. [demonic ancestry]
    10 | D        | Reached XP level 5. HP: 38/38 MP: 4/24
    10 | D        | Reached XP level 6. HP: 44/44 MP: 4/26
    10 | D        | Gained mutation: You regenerate magic rapidly. [demonic ancestry]
    10 | D        | Reached XP level 7. HP: 50/50 MP: 4/28
    10 | D        | Gained mutation: You are partially covered in thin metallic scales (AC +2). [demonic ancestry]
    10 | D        | Reached XP level 8. HP: 56/56 MP: 4/29
    10 | D        | Gained mutation: When low on magic, you restore magic in place of health. [demonic ancestry]
    10 | D        | Reached XP level 9. HP: 61/61 MP: 4/30
    10 | D        | Reached XP level 10. HP: 67/67 MP: 4/32
    10 | D        | Reached XP level 11. HP: 72/72 MP: 4/33
    10 | D        | HP: 2/72 [meat berserker/+9 battleaxe (70)]
    11 | D        | Noticed a bag of meat
    11 | D        | Noticed a bag of meat
    11 | D        | Noticed a meat berserker
    11 | D        | Killed a bag of meat
    11 | D        | Acquired Makhleb's first power
    11 | D        | Reached skill level 5 in Fighting
    11 | D        | Reached skill level 5 in Spellcasting
    11 | D        | Reached skill level 24 in Invocations
    11 | D        | Gained mutation: You are mostly covered in thin metallic scales (AC +3). [demonic ancestry]
    11 | D        | Reached XP level 12. HP: 2/87 MP: 1/34
    11 | D        | Killed a meat berserker
    11 | D        | Reached skill level 25 in Invocations
    11 | D        | Gained mutation: You have a pair of antennae on your head. [demonic ancestry]
    11 | D        | Reached XP level 13. HP: 2/97 MP: 1/36
    11 | D        | Killed a bag of meat
    11 | D        | Acquired Makhleb's second power
    11 | D        | Reached skill level 26 in Invocations
    11 | D        | Slain by a bag of meat

Action                   |  1- 3 |  4- 6 |  7- 9 | 10-12 | 13-15 || total
-------------------------+-------+-------+-------+-------+-------++-------
Melee: Executioner's axe |     1 |       |       |     1 |       ||     2
